 Dungeon Crawl Stone Soup version 0.19-a0-994-g3c636f0 (webtiles) character file.

68 Musica the Vandal (level 4, -2/29 HPs)
             Began as a Halfling Hunter on July 15, 2016.
             Killed from afar by an orc wizard (9 damage)
             ... with a puff of flame
             ... on level 3 of the Dungeon.
             The game lasted 00:06:50 (1551 turns).

Musica the Vandal (Halfling Hunter)                 Turns: 1551, Time: 00:06:50

Health: -2/29      AC:  3    Str: 12    XL:     4   Next: 41%
Magic:  4/4        EV: 14    Int: 10    God:
Gold:   86         SH:  4    Dex: 15    Spells: 0 memorised, 3 levels left

rFire  . . .     SeeInvis .     a - +1 hunting sling
rCold  . . .     Gourm    .     c - +0 leather armour
rNeg   . . .     Faith    .     w - +0 buckler
rPois  .         Spirit   .     (no helmet)
rElec  .         Dismiss  .     (no cloak)
rCorr  .         Reflect  .     (no gloves)
SustAt .         Harm     .     (no boots)
MR     .....                    (no amulet)
Stlth  ++........               (no ring)
                                (no ring)

@: not resistant to hostile enchantments, unstealthy
A: mutation resistance 1
a: no special abilities


You were on level 3 of the Dungeon.
You were hungry.

You visited 1 branch of the dungeon, and saw 3 of its levels.

You collected 86 gold pieces.

Inventory:

Hand Weapons
 a - a +1 hunting sling (weapon)
 b - a +0 short sword
Missiles
 d - 10 sling bullets
 g - 31 stones (quivered)
 o - 4 tomahawks of returning
Armour
 c - a +0 leather armour (worn)
 w - a +0 buckler (worn)
Scrolls
 e - 2 scrolls of identify {unknown}
 h - a scroll of noise {unknown}
 l - a scroll of remove curse {unknown}
 m - a scroll of enchant weapon {unknown}
 r - 3 scrolls of immolation {unknown}
 s - a scroll of fear {unknown}
 u - a scroll of amnesia {unknown}
 x - a scroll of enchant armour {unknown}
Potions
 i - a potion of cure mutation {unknown}
 j - a potion of degeneration {unknown}
 k - a potion of heal wounds {unknown}
 n - a potion of lignification {unknown}
 p - 2 potions of might {unknown}
 q - 2 potions of cancellation {unknown}
 t - 3 potions of flight {unknown}
 z - a potion of invisibility {unknown}
Comestibles
 f - 2 bread rations
 v - a meat ration


   Skills:
 + Level 2.0 Fighting
 + Level 0.6 Short Blades
 + Level 7.7 Slings
 - Level 2.2 Dodging
 + Level 1.5 Stealth


You had 3 spell levels left.
You didn't know any spells.

Dungeon Overview and Level Annotations

Branches:
Dungeon (3/15)

Altars:


Innate Abilities, Weirdness & Mutations

You are small and have problems with some larger weapons.
You are somewhat resistant to further mutation.


Message History

You shoot a stone. The orc throws a tomahawk.
A magic dart appears from out of thin air!
The magic dart hits you!
* * * LOW HITPOINT WARNING * * *
You are too injured to fight recklessly!
You are too injured to fight recklessly!
The orc throws a tomahawk.
There is an open door here.
Fire/throw which item? (* to show all) (? for menu, Esc to quit)
Okay, then.
Firing (i - inventory. (,) - cycle):
g - 33 stones (quivered)
Press: ? - help, Shift-Dir - straight line You shoot a stone.
Firing (i - inventory. (,) - cycle):
g - 32 stones (quivered)
Press: ? - help, Shift-Dir - straight line You shoot a stone.
You hear some strange, mumbled words.
A puff of flame appears from out of thin air!
The puff of flame hits you!
You die...

#.........$#
####..........#
.o((..........#
##############((..(.....#
.......<.......()#'###+##
##########.#####.#{#
..............#.#
#######.#######.#
#.[.@.(..(# ###########


There were no monsters in sight!

Vanquished Creatures
  2 adders (D:2)
  A dart slug (D:1)
  4 orcs (D:3)
  4 giant cockroaches (D:1)
  A goblin (D:1)
  6 hobgoblins (D:2)
  3 jackals (D:1)
  A ball python (D:1)
  7 bats
  7 kobolds
  6 rats
42 creatures vanquished.

Vanquished Creatures (others)
  2 orcs (D:3)
  A goblin (D:3)
3 creatures vanquished.

Grand Total: 45 creatures vanquished

Notes
Turn   | Place    | Note
-------+----------+-------------------------------------------
     0 | D:1      | Musica the Halfling Hunter began the quest for the Orb.
     0 | D:1      | Reached XP level 1. HP: 14/14 MP: 1/1
   132 | D:1      | Reached skill level 6 in Slings
   251 | D:1      | Reached XP level 2. HP: 19/19 MP: 2/2
   674 | D:1      | Reached XP level 3. HP: 24/24 MP: 3/3
  1069 | D:2      | Reached skill level 7 in Slings
  1176 | D:2      | Reached XP level 4. HP: 29/29 MP: 4/4
  1551 | D:3      | Killed from afar by an orc wizard

Vault maps used:
D:1:      dpeg_arrival_stone_temple_mockup, hex_large
D:2:      first_bread
D:3:      grunt_temple_overflow_champion_of_chaos, hangedman_feature_mirror,
          nicolae_qazlal_eye_of_the_storm

Skill      XL: |  1  2  3 |
---------------+----------+-----
Slings         | 6 7 |  7.7
Fighting       | 2 |  2.0
Short Blades   | |  0.6
Dodging        | |  2.2
Stealth        | |  1.5

Action                   |  1- 3 |  4- 6 || total
-------------------------+-------+-------++-------
Melee: Short sword       |    13 |       ||    13
 Fire: Hunting sling     |   103 |    50 ||   153
  Eat: Chunk             |       |     1 ||     1
Armor: Leather armour    |     8 |       ||     8
Dodge: Dodged            |    35 |    20 ||    55
Block: Buckler           |     2 |     6 ||     8
